Map: Acolyte LE

Players

CaptWaffles

  • Race: Protoss Protoss
  • League: Master
  • Spawn Location: 1:00

MaSa - Winner!

  • Race: Terran Terran
  • League: Grandmaster
  • Spawn Location: 7:00

VOD

Have the link to the VOD?

Description

Time

  • Played on: Aug. 20, 2017, 1:30 a.m.
  • Length: 15:24
Show
View Real Time Build Order
Export as new Build Order

CaptWaffles Protoss 

Build Orders: 1 Gate Expand, Oracle Opening, Phoenix Opening 

Get SALT Encoding   

  12  0:00  Probe (Chrono Boost)  
  13  0:11  Probe (Chrono Boost)  
  14  0:17  Pylon  
  14  0:22  Probe (Chrono Boost)  
  16  0:35  Probe (Chrono Boost)  
  16  0:37  Gateway  
  16  0:46  Probe (Chrono Boost)  
  16  0:47  Assimilator  
  17  0:56  Probe (Chrono Boost)  
  18  1:07  Probe (Chrono Boost)  
  19  1:17  Probe (Chrono Boost)  
  20  1:26  Nexus  
  20  1:36  Cybernetics Core  
  20  1:39  Probe (Chrono Boost)  
  21  1:46  Assimilator  
  21  1:49  Probe (Chrono Boost)  
  22  1:54  Pylon  
  22  2:00  Probe (Chrono Boost)  
  22  2:10  Probe (Chrono Boost)  
  22  2:14  Stargate  
  23  2:17  Adept (Chrono Boost)  
  23  2:22  Probe  
  26  2:32  Warp Gate  
  26  2:34  Probe  
  26  2:36  Probe  
  27  2:41  Adept (Chrono Boost)  
  30  2:46  Probe (Chrono Boost)  
  30  2:48  Probe (Chrono Boost)  
  32  2:57  Probe (Chrono Boost)  
  33  2:58  Oracle (Chrono Boost)  
  33  3:00  Probe  
  37  3:08  Adept  
  37  3:09  Probe  
  37  3:11  Probe  
  41  3:15  Pylon  
  41  3:21  Probe x2  
  43  3:32  Probe  
  43  3:33  Mothership Core (Chrono Boost)  
  46  3:36  Phoenix (Chrono Boost)  
  48  3:45  Probe (Chrono Boost)  
  49  3:51  Nexus  
  49  3:54  Pylon  
  50  3:56  Probe (Chrono Boost)  
  50  3:59  Phoenix, Probe (Chrono Boost)  
  51  4:06  Probe (Chrono Boost)  
  51  4:13  Probe (Chrono Boost)  
  52  4:18  Gateway x2  
  52  4:20  Probe (Chrono Boost)  
  53  4:24  Twilight Council  
  53  4:29  Phoenix  
  53  4:30  Probe (Chrono Boost)  
  54  4:36  Probe (Chrono Boost)  
  57  4:41  Assimilator  
  57  4:42  Probe (Chrono Boost)  
  57  4:45  Assimilator, Pylon  
  58  4:46  Probe (Chrono Boost)  
  58  4:51  Phoenix  
  60  4:54  Probe (Chrono Boost)  
  62  5:02  Probe x2 (Chrono Boost)  
  62  5:05  Probe (Chrono Boost)  
  65  5:10  Resonating Glaives (Chrono Boost)  
  65  5:11  Probe  
  65  5:13  Probe  
  67  5:14  Phoenix  
  67  5:17  Probe  
  70  5:22  Probe  
  70  5:23  Adept  
  70  5:25  Adept x2, Probe  
  70  5:28  Pylon  
  78  5:29  Probe  
  78  5:32  Probe  
  78  5:35  Forge  
  80  5:37  Probe  
  80  5:40  Pylon  
  80  5:41  Probe  
  82  5:43  Robotics Facility  
  82  5:44  Phoenix  
  82  5:47  Probe  
  82  5:49  Probe  
  86  5:52  Pylon  
  86  5:54  Sentry  
  86  5:55  Adept  
  90  5:57  Adept  
  90  6:00  Probe  
  90  6:01  Probe  
  90  6:02  Pylon  
  94  6:04  Probe  
  94  6:05  Phoenix  
  94  6:10  Assimilator  
  94  6:11  Protoss Ground Weapons Level 1 (Chrono Boost)  
  97  6:15  Assimilator  
  97  6:17  Pylon, Probe  
  98  6:22  Adept  
  98  6:23  Adept x2  
  104  6:31  Gateway  
  104  6:32  Observer  
  105  6:33  Gateway  
  105  6:35  Gateway  
  106  6:40  Pylon, Probe x2  
  106  6:42  Phoenix  
  106  6:46  Pylon  
  109  6:50  Photon Cannon  
  109  6:54  Robotics Bay  
  109  6:57  Observer (Chrono Boost)  
  110  7:02  Pylon  
  110  7:03  Adept x3  
  110  7:04  Phoenix  
  118  7:20  Pylon  
  118  7:24  Robotics Facility  
  118  7:25  Blink (Chrono Boost)  
  118  7:26  Warp Prism (Chrono Boost)  
  118  7:27  Adept x2  
  118  7:28  Adept, Pylon  
  126  7:34  Extended Thermal Lance (Chrono Boost)  
  126  7:46  Forge  
  126  7:49  Pylon  
  126  7:53  Adept x3  
  126  7:54  Adept  
  126  7:57  Colossus (Chrono Boost)  
  140  8:06  Colossus (Chrono Boost)  
  140  8:10  Photon Cannon  
  140  8:12  Protoss Ground Armor Level 1 (Chrono Boost)  
  146  8:15  Photon Cannon  
  146  8:19  Protoss Ground Weapons Level 2 (Chrono Boost)  
  146  8:32  Photon Cannon  
  146  8:33  Pylon  
  146  8:36  Photon Cannon  
  146  8:38  Nexus  
  146  8:39  Photon Cannon  
  146  8:41  Adept x2  
  146  8:43  Adept  
  146  8:45  Adept  
  154  8:53  Templar Archives  
  154  8:56  Colossus  
  154  9:02  Pylon  
  160  9:07  Colossus  
  166  9:10  Gravitic Drive  
  164  9:27  Stalker x4  
  164  9:28  Psionic Storm  
  172  9:37  Pylon  
  172  9:47  Assimilator  
  172  9:49  Assimilator  
  172  9:50  Photon Cannon, Warp Prism  
  174  9:54  High Templar  
  174  9:57  High Templar  
  178  10:10  Nexus  
  182  10:14  Immortal  
  182  10:22  Fleet Beacon  
  182  10:26  Immortal  
  182  10:27  Pylon  
  186  10:29  Pylon  
  186  10:53  Immortal  
  186  10:56  Protoss Air Weapons Level 1 (Chrono Boost)  
  190  10:57  Stalker  
  190  10:58  Stalker x4  
  190  11:02  Gateway  
  190  11:03  Stargate  
  200  11:05  Gateway  
  200  11:10  Pylon  
  199  11:20  Stalker  
  199  11:31  Observer  
  169  11:48  Tempest (Chrono Boost)  
  143  12:00  Tempest (Chrono Boost)  
  119  12:05  Protoss Shields Level 1  
  119  12:08  Stargate  
  119  12:10  Stargate  
  119  12:11  Stargate, Stalker x5  
  129  12:24  Stalker x3  
  141  12:34  Tempest (Chrono Boost)  
  141  12:39  Tempest (Chrono Boost)  
  141  12:43  Stalker x2  
  141  12:44  Stalker x2  
  153  12:58  Tempest (Chrono Boost)  
  142  12:59  Archon  
  136  13:07  Tempest (Chrono Boost)  
  124  13:13  Stalker  
  123  13:31  Tempest (Chrono Boost)  
  117  13:38  Tempest (Chrono Boost)  
  123  13:49  Tempest (Chrono Boost)  
  135  14:08  Tempest (Chrono Boost)  
  135  14:13  High Templar x2  
  139  14:24  Tempest (Chrono Boost)  
  151  14:41  Tempest (Chrono Boost)  
Show
View Real Time Build Order
Export as new Build Order

MaSa Terran - Winner!

Build Orders:  

Get SALT Encoding   

  12  0:00  SCV  
  13  0:12  SCV  
  14  0:17  Supply Depot  
  14  0:24  SCV  
  15  0:38  SCV  
  15  0:40  Barracks  
  16  0:44  Refinery  
  16  0:50  SCV  
  17  1:02  SCV  
  18  1:14  SCV  
  19  1:26  Marine  
  19  1:27  Orbital Command  
  20  1:40  Command Center  
  20  1:45  Barracks Reactor  
  20  1:54  Supply Depot  
  20  2:01  SCV  
  20  2:07  Factory  
  21  2:13  SCV  
  22  2:16  Refinery  
  22  2:21  Reaper  
  23  2:24  Marine  
  23  2:25  SCV  
  25  2:38  SCV  
  26  2:44  Marine  
  26  2:51  Starport  
  27  2:53  Widow Mine  
  27  2:55  SCV  
  27  2:56  Orbital Command  
  30  3:00  Marine  
  30  3:02  Marine  
  32  3:08  SCV  
  33  3:17  Marine  
  34  3:20  SCV, Marine  
  34  3:22  Widow Mine  
  34  3:25  SCV  
  39  3:27  Starport Tech Lab  
  39  3:29  Viking  
  39  3:32  SCV  
  42  3:37  SCV  
  44  3:44  SCV  
  44  3:48  Command Center  
  43  3:50  SCV  
  43  3:55  Factory Tech Lab  
  44  3:56  SCV  
  44  3:59  Supply Depot  
  44  4:02  SCV  
  46  4:14  Refinery  
  46  4:15  Refinery  
  46  4:21  SCV x2, Siege Tank  
  46  4:24  Starport Tech Lab  
  51  4:28  Factory  
  51  4:30  Barracks Tech Lab  
  51  4:33  SCV x2, Supply Depot  
  51  4:36  Engineering Bay  
  53  4:45  SCV  
  54  4:52  Supply Depot  
  54  4:55  SCV, Siege Tank  
  54  4:57  SCV  
  60  5:01  Orbital Command  
  59  5:07  SCV  
  59  5:09  SCV, Bunker  
  59  5:13  Missile Turret  
  59  5:14  Hellion  
  63  5:16  Hellion  
  63  5:19  SCV  
  66  5:21  SCV  
  66  5:25  Armory  
  67  5:29  Armory  
  67  5:31  SCV  
  67  5:33  Siege Tank  
  67  5:35  SCV  
  72  5:36  SCV  
  73  5:44  Orbital Command  
  73  5:45  SCV  
  73  5:46  Refinery  
  73  5:47  SCV  
  75  5:55  Starport  
  75  5:57  SCV  
  75  5:59  Refinery  
  75  6:00  Fusion Core  
  75  6:01  SCV  
  77  6:04  Starport  
  77  6:06  Hellion  
  77  6:07  Hellion  
  77  6:09  SCV  
  77  6:10  Missile Turret  
  77  6:11  SCV, Supply Depot  
  83  6:13  SCV  
  84  6:20  Terran Ship Weapons Level 1  
  84  6:22  SCV  
  84  6:23  Terran Vehicle And Ship Armor Level 1  
  92  6:32  SCV x2, Siege Tank  
  92  6:33  Hellion  
  92  6:34  SCV, Supply Depot  
  92  6:35  Starport Tech Lab  
  93  6:45  Starport Tech Lab  
  93  6:54  Supply Depot x2  
  93  6:56  Hellion x2, SCV, Supply Depot  
  93  6:58  Missile Turret  
  93  7:01  SCV x2  
  100  7:10  SCV  
  101  7:16  SCV x2, Battlecruiser x2  
  101  7:17  Supply Depot  
  101  7:19  Supply Depot  
  115  7:24  Battlecruiser  
  115  7:28  SCV  
  122  7:30  Missile Turret  
  122  7:33  Siege Tank  
  125  7:37  Missile Turret  
  125  7:42  Command Center, SCV  
  125  7:43  SCV  
  127  7:47  Hellion x2  
  131  7:51  SCV  
  131  7:54  Sensor Tower  
  131  7:58  Barracks Reactor, SCV  
  132  7:59  SCV  
  132  8:00  Starport  
  132  8:03  SCV  
  135  8:06  Siege Tank  
  135  8:08  Hellion  
  135  8:10  SCV, Supply Depot  
  135  8:11  Supply Depot  
  135  8:12  Supply Depot  
  141  8:14  Supply Depot  
  141  8:16  Terran Ship Weapons Level 2  
  141  8:20  Liberator, Terran Vehicle And Ship Armor Level 2  
  141  8:22  Supply Depot  
  141  8:25  Hellion  
  141  8:32  Hellion, Command Center  
  146  8:43  Medivac  
  146  8:44  Battlecruiser  
  154  8:59  Hellion x2  
  158  9:11  Missile Turret, Command Center  
  158  9:13  Missile Turret  
  158  9:14  Battlecruiser  
  158  9:17  Siege Tank  
  167  9:20  Hellion  
  169  9:27  Weapon Refit  
  169  9:31  Planetary Fortress  
  161  9:39  Medivac  
  161  9:42  Refinery  
  163  9:46  Orbital Command  
  163  9:47  Missile Turret  
  163  9:49  Sensor Tower  
  163  9:52  Refinery  
  163  9:58  Command Center  
  163  10:01  Siege Tank  
  165  10:10  Command Center  
  165  10:12  Liberator  
  165  10:15  Battlecruiser  
  163  10:21  Command Center  
  163  10:32  Orbital Command  
  163  10:33  Liberator, Siege Tank  
  169  10:40  Battlecruiser  
  172  10:47  Command Center  
  172  10:52  Hellion x2  
  179  11:01  Orbital Command  
  179  11:05  Hellion  
  179  11:08  Battlecruiser  
  187  11:17  Hellion x2  
  187  11:19  Battlecruiser  
  187  11:21  Viking  
  187  11:24  Refinery  
  194  11:26  Refinery, Siege Tank  
  197  11:35  Terran Vehicle And Ship Armor Level 3  
  197  11:37  Refinery  
  197  11:39  Hellion  
  197  11:40  Refinery  
  197  11:45  Hellion  
  161  11:58  Siege Tank  
  161  12:01  Battlecruiser  
  167  12:07  Planetary Fortress  
  167  12:09  Hi-Sec Auto Tracking  
  167  12:17  Viking x2  
  171  12:29  Command Center x2  
  177  12:30  Siege Tank, Battlecruiser  
  177  12:31  Missile Turret  
  177  12:32  Missile Turret  
  177  12:36  Terran Ship Weapons Level 3  
  180  12:40  Hellion x2  
  184  12:45  Infernal Pre-Igniter  
  184  12:59  Battlecruiser  
  184  13:07  Viking x2  
  180  13:14  Hellion x2, Siege Tank  
  180  13:15  Battlecruiser  
  191  13:34  Battlecruiser  
  191  13:39  Viking x2  
  195  13:46  Planetary Fortress x2  
  195  13:52  Liberator  
  192  13:56  Hellion x2  
  196  14:04  Starport  
  199  14:22  Command Center  
  199  14:23  Command Center  
  195  14:54  Viking x2  
  199  15:18  Starport Tech Lab  
  199  15:22  Starport x2  
Tags
 
Add a new tag
Caveats
  • Supply blocks, unpowered buildings, or Contaminate may cause inaccurate times.
  • Supply counts are checked every 10 seconds.